 Dungeon Crawl Stone Soup version 0.28-a0-95-g65e1ffefe4 (webtiles) character file.

Game seed: 14776179081105800350

11 lemonriz the Skirmisher (level 2, -12/25 HPs)
             Began as a Palentonga Fighter on Aug 9, 2021.
             Mangled by a goblin (19 damage)
             ... on level 1 of the Dungeon.
             The game lasted 00:00:46 (452 turns).

lemonriz the Skirmisher (Palentonga Fighter)         Turns: 452, Time: 00:00:47

Health: -12/25     AC:  6    Str: 19    XL:     2   Next: 17%
Magic:  2/2        EV:  5    Int:  8    God:
Gold:   0          SH:  8    Dex:  9    Spells: 1/1 levels left

rFire   . . .      SeeInvis +   a - +0 long sword
rCold   . . .      Faith    .   c - +0 kite shield
rNeg    . . .      Spirit   .   b - +0 scale mail
rPois   .          Reflect  .   (no helmet)
rElec   .          Harm     .   (no cloak)
rCorr   .          Rampage  .   (no gloves)
Will    .....                   (no barding)
Stlth   ..........              (no amulet)
HPRegen 0.08/turn               (no ring)
MPRegen 0.08/turn               (no ring)

@: no status effects
A: large, rugged brown scales 3, see invisible, deformed body, roll 1, armoured
tail
a: Rolling Charge


You were on level 1 of the Dungeon.
You visited 1 branch of the dungeon, and saw 1 of its levels.

Inventory:

Hand Weapons
 a - a +0 long sword (weapon)
Armour
 b - a +0 scale mail (worn)
 c - a +0 kite shield (worn)
Potions
 d - a potion of might


   Skills:
 + Level 3.1 Fighting
 * Level 2.4 Long Blades
 + Level 2.5 Armour
 + Level 2.5 Shields


You had one spell level left.
You didn't know any spells.
Your spell library was empty.

Dungeon Overview and Level Annotations

Branches:
Dungeon (1/15)

Altars:


Innate Abilities, Weirdness & Mutations

You are completely covered in rugged brown scales. (AC +3, +7% HP)
You have supernaturally acute eyesight. (SInv)
Armour fits poorly on your strangely shaped body.
You can roll at nearby foes to attack.
You have a long armoured tail.


Message History

You block the giant cockroach's attack. The rat bites you.
The giant cockroach bites you but does no damage.
You hit the giant cockroach but do no damage.
Your tail-slap misses the giant cockroach.
The rat bites you but does no damage.
The giant cockroach bites you but does no damage.
You block the rat's attack. You block the giant cockroach's attack.
You hit the giant cockroach.
You tail-slap the giant cockroach, but do no damage.
The giant cockroach is moderately wounded.
The goblin hits you with a +1 dagger of electrocution.
You block the rat's attack.
The giant cockroach bites you but does no damage.
You block the goblin's attack. You block the giant cockroach's attack.
You block the rat's attack.
The giant cockroach bites you but does no damage.
The giant cockroach closely misses you. The rat bites you but does no damage.
You hit the giant cockroach.
The giant cockroach is severely wounded.
You block the giant cockroach's attack.
The giant cockroach bites you but does no damage.
You slash the giant cockroach!
You kill the giant cockroach!
The rat barely misses you.
You barely miss the rat. You block the rat's attack.
You barely miss the rat. You tail-slap the rat.
You kill the rat!
A goblin comes into view. It is wielding a +0 dagger.
You block the goblin's attack.
Your shield and scale mail prevent you from hitting the goblin.
The goblin shouts!
The goblin hits you with a +1 dagger of electrocution.
You are electrocuted!
Ouch! That really hurt!
* * * LOW HITPOINT WARNING * * *
You hit the goblin.
The goblin is heavily wounded.
The goblin hits you but does no damage.
You are electrocuted!!
Ouch! That really hurt!
You die...

#.....##.##########
.........#........
.....##....†.....(
####.#..##........
#....##########
#....# #....#
######....#
#...@gg...#
.....####....# #.#
#....# #....#
#....# .....#
#..#.## ...#


You could see 2 goblins.

Vanquished Creatures
  A bat (D:1)
  A giant cockroach (D:1)
  2 hobgoblins (D:1)
  2 jackals (D:1)
  A quokka (D:1)
  A ball python (D:1)
  2 rats (D:1)
10 creatures vanquished.

Notes
Turn   | Place    | Note
-------+----------+-------------------------------------------
     0 | D:1      | lemonriz the Palentonga Fighter began the quest for the
                  | Orb.
     0 | D:1      | Reached XP level 1. HP: 19/19 MP: 1/1
   428 | D:1      | Reached XP level 2. HP: 25/25 MP: 2/2
   452 | D:1      | Mangled by a goblin

Illustrated notes

Levels and vault maps discovered:
D:1:      dpeg_arrival_signposts, layout_rooms, serial_rivers,
          chequers_serial_rivers_room_a, chequers_serial_rivers_small_a,
          chequers_serial_rivers_small_b, chequers_serial_rivers_micro_b,
          minmay_misc_feat_nine_boxes

Action                   || total
-------------------------++-------
Melee: Long sword        ||    34
       Tailslap          ||     5
Armor: Scale mail        ||    22
Dodge: Dodged            ||    10
Block: Kite shield       ||    25
       Rpst.: Long sword ||     3

Table legend: (Time is in decaauts)
 A = Elapsed time spent in this place.
 B = Non-inter-level travel time spent in this place.
 C = Inter-level travel time spent in this place.
 D = Time resting spent in this place.
 E = Time spent auto-exploring this place.
 F = Levels seen in this place.
 G = Mean time per level.
                   A        B        C        D        E       F      G
               +--------+--------+--------+--------+--------+-----+--------+
         Total |    468 |    468 |      0 |    279 |    112 |   1 |  468.0 |
       Dungeon |    468 |    468 |      0 |    279 |    112 |   1 |  468.0 |
               +--------+--------+--------+--------+--------+-----+--------+

Top non-repeatable levels by time:
     D:1: 468 daAuts
